 Dungeon Crawl Stone Soup version 0.23-b1 (webtiles) character file.

Game seed: 16655321770315317340

67 HoaS the Ruffian (level 4, 0/29 HPs)
             Began as a Gargoyle Berserker on Jan 30, 2019.
             Was a Believer of Trog.
             Slain by an adder (3 damage)
             ... on level 3 of the Dungeon.
             The game lasted 00:05:04 (1533 turns).

HoaS the Ruffian (Gargoyle Berserker)               Turns: 1533, Time: 00:05:04

Health: 0/29       AC:  7    Str: 21    XL:     4   Next: 16%
Magic:  4/4        EV: 12    Int:  8    God:    Trog [**....]
Gold:   85         SH:  3    Dex:  9    Spells: 3/3 levels left

rFire    . . .     SeeInvis .     - Unarmed
rCold    . . .     Gourm    .   (no shield)
rNeg     + . .     Faith    .   a - +0 animal skin
rPois    ∞         Spirit   .   (no helmet)
rElec    +         Reflect  +   (no cloak)
rCorr    .         Harm     .   (no gloves)
MR       .....                  e - +0 pair of boots
Stlth    +.........             g - +3 amulet of reflection
HPRegen  0.09/turn              (no ring)
MPRegen  0.09/turn              (no ring)

@: no status effects
A: negative energy resistance 1, electricity resistance, unbreathing,
petrification resistance, rot immunity, AC +3
a: Berserk, Trog's Hand, Renounce Religion


You were on level 3 of the Dungeon.
You worshipped Trog.
Trog was pleased with you.
You were not hungry.

You visited 1 branch of the dungeon, and saw 3 of its levels.

You collected 85 gold pieces.

Inventory:

Missiles
 d - 27 arrows
 h - 23 bolts
Armour
 a - a +0 animal skin (worn)
 e - a +0 pair of boots (worn)
Jewellery
 g - a +3 amulet of reflection (around neck)
Scrolls
 f - a scroll of blinking
 k - a scroll of remove curse {unknown}
Potions
 i - a potion of ambrosia {unknown}
 j - a potion of might {unknown}
Comestibles
 b - 3 rations
 c - a chunk of flesh


   Skills:
 + Level 3.8 Fighting
 + Level 3.0 Armour
 - Level 1.5 Dodging
 * Level 4.1 Unarmed Combat


You had 3 spell levels left.
You didn't know any spells.
Your spell library was empty.

Dungeon Overview and Level Annotations

Branches:
Dungeon (3/15)

Altars:
Ashenzari


Innate Abilities, Weirdness & Mutations

You are resistant to torment.
Your stone body is resilient. (AC +3)
You are immune to poison.
You resist negative energy. (rN+)
You are resistant to electric shocks. (rElec)
You can survive without breathing.
You are immune to petrification.
You are immune to rotting.


Message History

The adder is almost dead.
The adder bites you but does no damage. The dart slug launches a dart at you.
The slug dart hits you but does no damage.
The adder barely misses you.
You miss the adder.
The adder is almost dead.
The adder closely misses you.
You closely miss the adder.
The adder is almost dead.
The adder closely misses you.
The dart slug bites you but does no damage.
You miss the adder.
The adder is almost dead.
The adder misses you.
The dart slug bites you but does no damage.
You barely miss the adder.
The adder is almost dead.
The adder bites you.
You die...

###########
..........
###..!......
...........
#.wS......
#.@.......
#<........
######....
... .


You could see an adder and a dart slug.

Vanquished Creatures
  3 adders (D:2)
  An ooze (D:1)
  A worm (D:2)
  2 dart slugs
  A leopard gecko (D:1)
  6 goblins
  3 hobgoblins
  A ball python (D:1)
  4 bats
  3 frilled lizards
  3 kobolds
  4 rats
32 creatures vanquished.

Notes
Turn   | Place    | Note
-------+----------+-------------------------------------------
     0 | D:1      | HoaS the Gargoyle Berserker began the quest for the Orb.
     0 | D:1      | Reached XP level 1. HP: 14/14 MP: 1/1
   119 | D:1      | Reached XP level 2. HP: 15/19 MP: 2/2
   760 | D:2      | Reached XP level 3. HP: 23/23 MP: 3/3
   874 | D:2      | Found a shattered altar of Ashenzari.
  1047 | D:2      | Reached ** piety under Trog
  1047 | D:2      | Reached skill level 4 in Unarmed Combat
  1073 | D:2      | Reached XP level 4. HP: 29/29 MP: 4/4
  1533 | D:3      | Slain by an adder

Skill      XL: |  1  2  3  4 |
---------------+-------------+-----
Unarmed Combat | 4 |  4.1
Armour         | 3 |  3.0
Fighting       | |  3.8
Dodging        | |  1.5

Action                   |  1- 3 |  4- 6 || total
-------------------------+-------+-------++-------
Melee: Unarmed           |   108 |    48 ||   156
       Punch             |     1 |     1 ||     2
  Use: Scroll            |     4 |       ||     4
 Stab: Sleeping          |     1 |       ||     1
  Eat: Chunk             |     1 |     1 ||     2
Armor: Animal skin       |    35 |    25 ||    60
Dodge: Dodged            |    64 |    24 ||    88
Block: Other             |     1 |     2 ||     3
